 Dungeon Crawl Stone Soup version 0.29-a0-344-ge2f44be95a (webtiles) character file.

Game seed: 2011597536547308499

6885 spaghetti the Summoner (level 11, -9/94 HPs)
             Began as a Barachi Summoner on Apr 22, 2022.
             Was an Elder of Cheibriados.
             Mangled by a death yak (25 damage)
             ... on level 11 of the Dungeon.
             The game lasted 00:25:25 (13850 turns).

spaghetti the Summoner (Barachi Summoner)          Turns: 13850, Time: 00:25:26

Health: -9/94      AC:  3    Str: 19    XL:     11   Next: 6%
Magic:  2/22       EV: 18    Int: 27    God:    Cheibriados [****..]
Gold:   620        SH:  0    Dex: 21    Spells: 9/23 levels left

rFire   . . .      SeeInvis .   a - +5 flail (protect) {mace}
rCold   . . .      Faith    .   (no shield)
rNeg    . . .      Spirit   .   L - +1 robe of Vines {NoPotionHeal Regen++++}
rPois   .          Reflect  .   (no helmet)
rElec   .          Harm     .   (no cloak)
rCorr   .          Rampage  .   (no gloves)
Will    .....                   (no boots)
Stlth   ++........              s - amulet of the acrobat
HPRegen 3.45/turn               (no ring)
MPRegen 0.18/turn               (no ring)

@: unable to hop, very slow
A: amphibious, slowness 1, strong legs 1, +LOS, dopey 1, high MP 1, robust 1
a: Hop, Renounce Religion, Bend Time, Temporal Distortion, Slouch


You were on level 11 of the Dungeon.
You worshipped Cheibriados.
Cheibriados was greatly pleased with you.
You visited 2 branches of the dungeon, and saw 12 of its levels.

You collected 708 gold pieces.
You spent 88 gold pieces at shops.


Innate Abilities, Weirdness & Mutations

You are amphibious.
You cover ground slowly.
You can hop short distances.
You have an extended range of vision and can be seen from far away.
You are dopey. (Int -2)
You have an increased reservoir of magic. (+10% MP)
You are robust. (+10% HP)


   Skills:
 * Level 7.9 Fighting
 * Level 8.3 Armour
 * Level 8.0 Dodging
 - Level 1.7 Stealth
 + Level 6.5 Spellcasting
 * Level 11.5 Summonings
 + Level 4.1 Air Magic
 + Level 1.4 Invocations


You had 9 spell levels left.
You knew the following spells:

 Your Spells              Type           Power      Damage    Failure   Level
a - Summon Small Mammal   Summ           100%       N/A       1%          1
b - Call Imp              Summ           63%        N/A       1%          2
c - Call Canine Familiar  Summ           63%        N/A       1%          3
d - Summon Lightning Spi  Summ/Air       50%        N/A       2%          4
e - Animate Armour        Summ/Erth      78%        N/A       6%          4

Your spell library contained the following spells:

 Spells                   Type           Power      Damage    Failure   Level
 Summon Guardian Golem    Hex/Summ       39%        N/A       1%          3
 Static Discharge         Conj/Air       19%        N/A       4%          2
 Sandblast                Erth           16%        2d6       6%          1
 Slow                     Hex            32%        N/A       6%          1
 Ensorcelled Hibernation  Hex/Ice        16%        N/A       10%         2
 Passwall                 Tmut/Erth      6%         N/A       10%         2
 Airstrike                Air            15%        N/A       11%         4
 Confusing Touch          Hex            8%         N/A       19%         3
 Spider Form              Tmut/Pois      8%         N/A       19%         3
 Stone Arrow              Conj/Erth      16%        3d8       19%         3
 Vampiric Draining        Necr           8%         2d6       19%         3
 Anguish                  Hex/Necr       4%         N/A       52%         4
 Fulminant Prism          Conj/Hex       4%         3d6       52%         4
 Iskenderun's Mystic Bla  Conj/Tloc      8%         2d4       52%         4
 Lightning Bolt           Conj/Air       9%         1d22      58%         5
 Blade Hands              Tmut           4%         N/A       86%         5
 Lee's Rapid Deconstruct  Erth           4%         3d6*      86%         5
 Iron Shot                Conj/Erth      4%         9d2       100%        6
 Maxwell's Capacitive Co  Air            15%        โˆž       100%        8

Inventory:

Hand Weapons
 a - a +5 flail of protection (weapon) {mace}
   (You took it off Edmund on level 4 of the Dungeon)
 b - a +0 hand crossbow {crossbow}
   (You took it off a kobold on level 6 of the Dungeon)
 d - a +0 spear {polearm}
   (You found it on level 1 of the Dungeon)
 P - a +1 demon blade of venom {long}
   (You found it on level 10 of the Dungeon)
Missiles
 c - 46 poisoned darts {throwing}
 g - 325 stones (quivered) {throwing}
 h - 3 throwing nets {=f!fthrowing}
 B - 5 atropa-tipped darts {throwing}
 M - a curare-tipped dart {=fthrowing}
Armour
 l - the +2 robe of Amorality {Str+6 Int+3}
   (You found it on level 3 of the Dungeon)

   Str:       It affects your strength (+6).
   Int:       It affects your intelligence (+3).
 w - a +1 robe
 L - the +1 robe of Vines (worn) {NoPotionHeal Regen++++}
   (You found it on level 9 of the Dungeon)

   Its wearer cannot be healed by potions.
   Regen:     It increases your rate of health regeneration.
Jewellery
 o - an amulet of regeneration {@e2}
   (You found it on level 3 of the Dungeon)
 s - an amulet of the acrobat (around neck)
   (You found it on level 4 of the Dungeon)
Wands
 y - a wand of flame (6)
   (You found it on level 11 of the Dungeon)
 F - a wand of digging (7)
   (You found it on level 8 of the Dungeon)
 H - a wand of charming (4)
   (You found it on level 9 of the Dungeon)
Scrolls
 e - a scroll of fog
 f - 6 scrolls of teleportation {@r4}
 i - a scroll of noise {!r}
 j - a scroll of magic mapping {!r}
 n - a scroll of enchant weapon
 t - 2 scrolls of vulnerability {!r!r}
 E - 2 scrolls of identify {@r1}
 N - a scroll of fear {unknown}
 O - a scroll of blinking {unknown}
Potions
 k - 2 potions of heal wounds {@q2}
 m - a potion of might {unknown}
 q - 3 potions of lignification {unknown}
 r - 4 potions of curing {@q1}
 u - a potion of resistance
 v - 2 potions of mutation {!q}
 x - 5 potions of degeneration {unknown}
 z - 2 potions of attraction {!q}
 A - a potion of haste {unknown}
 C - 2 potions of experience {unknown}
 D - a potion of flight {unknown}
 J - 2 potions of brilliance
 K - a potion of ambrosia {unknown}
Miscellaneous
 p - a phantom mirror (inert)
   (You found it on level 10 of the Dungeon)

Dungeon Overview and Level Annotations

Branches:
Dungeon (11/15)            Temple (1/1) D:4            Lair (0/6) D:11
    Orc: D:9-12

Altars:
Ashenzari
Cheibriados
Dithmenos
Elyvilon
Fedhas
Gozag
Hepliaklqana
Kikubaaqudgha
Makhleb
Nemelex Xobeh
Qazlal
Ru
Sif Muna
Trog
Uskayaw
Vehumet
Wu Jian
Xom
Yredelemnul
Zin
The Shining One

Shops:
D:5 !   D:10 !

Annotations:
D:10 exclusion: orange crystal statue

....#.$.....# ###'#####
............####....)..#
#...........##.'.......#
............##.#.......#
>...........#..#.......#
..............##.......#
........Y.ยง.#####+######
...T...YYY..#
.....WYY@Y..#
......####### ....# #.


You could see 6 death yaks, a troll (inner flame), a wraith (inner flame, ally
target) and a friendly death yak (summoned, inner flame, slow, drained).


Message History

๐Ÿ˜• HP[+3] MP[-3]
You regained 3 hp, and now have 73/94 hp.
You lost 3 mp, and now have 0/22 mp.
Your wolf bites the death yak but does no damage.
The death yak barely misses your wolf.
The death yak gores your lightning spire.
The death yak misses you.
The death yak gores your lightning spire!!
Your lightning spire is destroyed!
Your lightning spire disappears in a puff of smoke! ๐Ÿ˜• HP[+3] MP[+1]
You regained 3 hp, and now have 76/94 hp.
Your wolf bites the death yak but does no damage.
Your wolf bites the death yak.
A troll comes into view.
The death yak misses your wolf. The death yak closely misses you.
The death yak completely misses you.
Your animated robe hits the death yak but does no damage.
Your animated robe completely misses the death yak. ๐Ÿ˜• HP[+4]
You regained 4 hp, and now have 80/94 hp.
Your wolf bites the death yak but does no damage.
The death yak barely misses your wolf. The death yak gores you. x2
Your wolf bites the death yak. ๐Ÿ˜• HP[-5]
You take 5 damage, and now have 75/94 hp.
Your wolf bites the death yak.
The death yak gores your wolf!!
Your wolf dies!
Your wolf's corpse disappears in a puff of smoke!
The death yak closely misses you.
The death yak completely misses you. ๐Ÿ˜• HP[+4]
You regained 4 hp, and now have 79/94 hp.
Unknown command.
Okay, then.
Okay, then.
Okay, then.
Aiming: Phantom Mirror
Press: ? - help, Dir - move target, f - death yak
Aim: a death yak You reflect the death yak with the mirror!
The mirror clouds!
Your death yak completely misses the death yak.
The death yak barely misses you. x2; The death yak gores you!
The death yak gores you. ๐Ÿ˜ฎ HP[-12]
You take 12 damage, and now have 67/94 hp.
Unknown command.
Unknown command.
The wraith hits your death yak but does no damage.
Your death yak gores the death yak but does no damage.
The death yak gores you! The death yak closely misses you.
The death yak gores you but does no damage.
The death yak completely misses you. The death yak misses you.
Your animated robe hits the death yak. x2 ๐Ÿ˜ฎ HP[-11]
You take 11 damage, and now have 56/94 hp.
The wraith hits your death yak!
The wraith drains your death yak's vigour!
Your death yak seems to slow down.
Your death yak gores the death yak!
The death yak misses you. x2
The death yak completely misses you. The death yak misses you.
The death yak barely misses you.
Your animated robe hits the death yak but does no damage. x2 ๐Ÿ˜ฎ HP[+3] MP[+1]
You regained 3 hp, and now have 59/94 hp.
Your animated robe disappears in a puff of smoke!
The wraith hits your death yak but does no damage.
The death yak gores you! The death yak barely misses you.
The death yak closely misses you. The death yak gores you!!
* * * LOW HITPOINT WARNING * * *
The death yak barely misses you. ๐Ÿ˜จ HP[-32]
You take 32 damage, and now have 27/94 hp.
MASSIVE DAMAGE!! (PAUSE)
Okay, then.
As you read the scroll labelled AGUINU MEYSOASM, it crumbles to dust.
The creatures around you are filled with an inner flame!
It was a scroll of immolation.
Your death yak gores the death yak.
Flame seeps out of the death yak.
The wraith hits your death yak! Flame seeps out of your death yak.
The death yak gores you.
* * * LOW HITPOINT WARNING * * *
The death yak barely misses you. The death yak gores you!
* * * LOW HITPOINT WARNING * * *
The death yak completely misses you.
The death yak is engulfed in blazing flames.
Flame seeps out of the death yak.
The death yak misses you. ๐Ÿ˜ฑ HP[-9]
You take 9 damage, and now have 18/94 hp.
As you read the scroll labelled QIRIOT IH TIMY, it crumbles to dust.
It is a scroll of brand weapon.
Your +1 demon blade of electrocution {long} drips with poison.
P - a +1 demon blade of venom {long} Your death yak is engulfed in blazing flames.
Flame seeps out of your death yak.
Your death yak closely misses the wraith.
The wraith hits your death yak. Flame seeps out of your death yak.
The death yak gores you.
* * * LOW HITPOINT WARNING * * *
The death yak gores you!!
You die...

Skill      XL: |  1  2  3  4  5  6  7  8  9 10 |
---------------+-------------------------------+-----
Summonings     | 5 6 7 8 9 10 11 | 11.5
Spellcasting   | 3 4 5 6 |  6.5
Armour         | 1 2 3 5 6 8 |  8.3
Dodging        | 3 4 5 6 8 |  8.0
Fighting       | 1 2 4 6 7 |  7.9
Air Magic      | 2 4 |  4.1
Invocations    | 1 |  1.4
Stealth        | |  1.7

Action                   |  1- 3 |  4- 6 |  7- 9 | 10-12 || total
-------------------------+-------+-------+-------+-------++-------
Melee: Spear             |   135 |    85 |    10 |       ||   230
       Unarmed           |     3 |       |       |       ||     3
       Punch             |     1 |       |     3 |       ||     4
       Flail             |       |       |    90 |    19 ||   109
Throw: Stone             |       |       |     9 |       ||     9
 Cast: Summon Small Mamm |    32 |    18 |    31 |    20 ||   101
       Call Imp          |    12 |    19 |    22 |    12 ||    65
       Call Canine Famil |       |    16 |    20 |    19 ||    55
       Summon Lightning  |       |     1 |    33 |    24 ||    58
       Animate Armour    |       |       |     1 |     7 ||     8
 Abil: Hop               |     2 |     3 |     4 |     7 ||    16
Evoke: Phantom mirror    |       |       |       |     1 ||     1
  Use: Potion            |     7 |     4 |       |     4 ||    15
       Scroll            |     3 |     2 |       |     9 ||    14
 Stab: Sleeping          |     4 |     1 |     1 |       ||     6
       Distracted        |       |       |     3 |       ||     3
Armor: Robe              |    18 |    15 |    59 |    25 ||   117
Dodge: Dodged            |    98 |    63 |   133 |   202 ||   496

Levels and vault maps discovered:
D:1:      onia_arrival_mini_maze, layout_basic, shapermc_ecumenical_altar_venn,
          st_stairs_8
D:2:      layout_basic, minmay_tetromino_l2
D:3:      layout_basic, jmf_multi_god_temple, serial_forest,
          infiniplex_forest_lined_corner, infiniplex_forest_lined_corner,
          infiniplex_forest_lined_corner, infiniplex_forest_end_1,
          infiniplex_forest_clump_curved, infiniplex_forest_lined_2,
          infiniplex_forest_clump_tiny, infiniplex_forest_lined_ring,
          infiniplex_forest_split, minmay_crystal_water, due_unseen_surprise
D:4:      layout_cave_pools, nicolae_ru_the_path_less_chosen,
          nicolae_qazlal_style_of_elements, minmay_temple_entry_glass,
          kennysheep_dice, uniq_edmund, uniq_duvessa, uniq_blork_the_orc
D:5:      layout_basic, serial_shops, nicolae_stop_n_shop_1, minivault_24,
          kennysheep_pointless_box, nicolae_underground_beach
D:6:      layout_loops_corners, mainiacjoe_overflow_alcove_4, uniq_eustachio
D:7:      layout_cave_pools, amcnicky_altar_gilded
D:8:      layout_basic, trog_book
D:9:      layout_basic, minmay_liquid_box, hellmonk_guarded_unrand_vines,
          uniq_psyche
D:10:     layout_irregular_city, serial_shops, shop, minivault_21,
          minmay_statue_bubble, uniq_maggie
D:11:     layout_roguey, dpeg_lair_monsters, david_orc_5, gammafunk_ghost_ooze
Temple:   regret_index_temple_generic_petals

Notes
Turn   | Place    | Note
-------+----------+-------------------------------------------
     0 | D:1      | spaghetti the Barachi Summoner began the quest for the Orb.
     0 | D:1      | Reached XP level 1. HP: 13/13 MP: 3/3
     0 | D:1      | magus.rc [v1.9.6]
   303 | D:1      | Reached skill level 5 in Summonings
   311 | D:1      | Reached XP level 2. HP: 7/19 MP: 0/5
   578 | D:1      | HP: 3/19 [hobgoblin (4)]
   588 | D:1      | Learned a level 2 spell: Call Imp
   588 | D:1      | HP: 2/19 [hobgoblin (3)]
  1319 | D:1      | Found a faded altar of an unknown god.
  1458 | D:1      | Reached XP level 3. HP: 24/24 MP: 7/7
  1558 | D:1      | Gained mutation: You are robust. (+10% HP) [potion of
                  | mutation]
  1558 | D:1      | Gained mutation: You are dopey. (Int -2) [potion of
                  | mutation]
  1558 | D:1      | Gained mutation: You have an increased reservoir of magic.
                  | (+10% MP) [potion of mutation]
  3035 | D:2      | Reached skill level 6 in Summonings
  3042 | D:2      | Reached XP level 4. HP: 31/33 MP: 9/9
  3046 | D:2      | Learned a level 3 spell: Call Canine Familiar
  3267 | D:2      | Reached skill level 3 in Spellcasting
  3458 | D:3      | HP: 4/33 [gnoll/+0 spear (6)]
  3483 | D:2      | HP: 8/33 [gnoll/+0 club (8)]
  3486 | D:2      | Reached skill level 1 in Armour
  3848 | D:3      | Reached XP level 5. HP: 19/38 MP: 4/10
  4110 | D:3      | Found an ornate altar of the Wu Jian Council.
  4112 | D:3      | Found a broken altar of Ashenzari.
  4256 | D:3      | Identified the +2 robe of Amorality {Str+6 Int+3}
  4290 | D:3      | Learned a level 4 spell: Summon Lightning Spire
  4430 | D:3      | Noticed a kobold brigand
  4442 | D:3      | Killed a kobold brigand
  4443 | D:3      | Reached skill level 2 in Armour
  4443 | D:3      | Reached skill level 3 in Dodging
  4726 | D:3      | You pick up a book of Debilitation and begin reading...
  4726 | D:3      | You add the spells Slow, Vampiric Draining and Confusing
                  | Touch to your library.
  4848 | D:3      | Reached XP level 6. HP: 33/45 MP: 7/12
  5404 | D:4      | Noticed Blork the orc
  5412 | D:4      | Killed Blork the orc
  5413 | D:4      | Reached skill level 7 in Summonings
  5480 | D:4      | Reached skill level 1 in Fighting
  5641 | D:4      | Found a staircase to the Ecumenical Temple.
  5662 | D:4      | Reached XP level 7. HP: 51/52 MP: 6/14
  5692 | D:5      | Entered Level 5 of the Dungeon
  5692 | D:5      | Found Oleuzoeh's Distillery.
  5740 | D:4      | Noticed a fire elemental
  5753 | Temple   | Entered the Ecumenical Temple
  5969 | Temple   | Became a worshipper of Cheibriados the Contemplative
  6060 | D:4      | Noticed Duvessa
  6067 | D:4      | Noticed Dowan
  6077 | D:4      | Killed Duvessa
  6078 | D:4      | Reached skill level 2 in Fighting
  6078 | D:4      | Reached skill level 3 in Armour
  6078 | D:4      | Reached skill level 4 in Spellcasting
  6084 | D:4      | Killed Dowan
  6205 | D:4      | Noticed a water elemental
  6207 | D:4      | Found a stormy altar of Qazlal.
  6209 | D:4      | Noticed an air elemental
  6233 | D:4      | Noticed Edmund
  6245 | D:4      | Killed Edmund
  6246 | D:4      | Reached skill level 4 in Dodging
  6246 | D:4      | Reached skill level 8 in Summonings
  6471 | D:4      | Found a sacrificial altar of Ru.
  6773 | D:5      | Reached XP level 8. HP: 58/62 MP: 8/16
  6825 | D:5      | Bought a potion of mutation for 88 gold pieces
  6985 | D:5      | Reached skill level 3 in Fighting
  7046 | D:5      | Reached skill level 4 in Armour
  7269 | D:5      | Reached * piety under Cheibriados
  7392 | D:5      | Reached skill level 9 in Summonings
  7546 | D:5      | You pick up a book of Dreams and begin reading...
  7546 | D:5      | You add the spells Ensorcelled Hibernation, Spider Form and
                  | Anguish to your library.
  7709 | D:5      | You pick up a book of Iron and begin reading...
  7709 | D:5      | You add the spells Animate Armour, Blade Hands and Iron
                  | Shot to your library.
  7723 | D:5      | Learned a level 4 spell: Animate Armour
  7954 | D:6      | You pick up a book of Lightning and begin reading...
  7954 | D:6      | You add the spells Static Discharge, Lightning Bolt and
                  | Maxwell's Capacitive Coupling to your library.
  8012 | D:6      | Reached skill level 5 in Spellcasting
  8069 | D:6      | Reached skill level 5 in Dodging
  8071 | D:6      | Reached skill level 4 in Fighting
  8144 | D:6      | You pick up a book of Debilitation and begin reading...
  8380 | D:6      | Reached ** piety under Cheibriados
  8772 | D:6      | Reached skill level 5 in Armour
  8772 | D:6      | Reached XP level 9. HP: 71/71 MP: 11/18
  8882 | D:6      | Noticed Eustachio
  8889 | D:6      | Reached skill level 1 in Air Magic
  8894 | D:6      | Killed Eustachio
  9044 | D:6      | Found a burning altar of Makhleb.
  9367 | D:7      | Reached skill level 5 in Fighting
  9417 | D:7      | Noticed a komodo dragon
  9442 | D:7      | Killed a komodo dragon
  9443 | D:7      | Reached skill level 10 in Summonings
  9612 | D:7      | Reached skill level 6 in Armour
  9612 | D:7      | Reached skill level 6 in Dodging
  9612 | D:7      | Reached skill level 2 in Air Magic
  9906 | D:7      | Found an opulent altar of Gozag.
  9922 | D:7      | You pick up a book of Storms and begin reading...
 10024 | D:7      | You pick up a book of Blasting and begin reading...
 10024 | D:7      | You add the spells Fulminant Prism, Iskenderun's Mystic
                  | Blast and Lee's Rapid Deconstruction to your library.
 10294 | D:8      | You pick up a book of Geomancy and begin reading...
 10294 | D:8      | You add the spells Sandblast, Passwall and Stone Arrow to
                  | your library.
 10332 | D:8      | Reached skill level 6 in Fighting
 10333 | D:8      | Reached XP level 10. HP: 25/83 MP: 0/20
 10631 | D:8      | Found a bloodstained altar of Trog.
 11001 | D:8      | Reached *** piety under Cheibriados
 11362 | D:9      | Noticed Psyche
 11374 | D:9      | Killed Psyche
 11375 | D:9      | Reached skill level 7 in Armour
 11375 | D:9      | Reached skill level 6 in Spellcasting
 11375 | D:9      | Reached skill level 3 in Air Magic
 11873 | D:9      | Noticed a seven-headed hydra
 11881 | D:9      | Reached skill level 7 in Dodging
 11885 | D:9      | Killed a seven-headed hydra
 11886 | D:9      | Reached skill level 7 in Fighting
 12102 | D:9      | Found the +1 robe of Vines {NoPotionHeal Regen++++}
 12254 | D:10     | Entered Level 10 of the Dungeon
 12428 | D:10     | Noticed an orange crystal statue
 12580 | D:10     | Noticed a kobold demonologist
 12584 | D:10     | Noticed a two-headed ogre
 12589 | D:10     | Found Coetoenn's Distillery.
 12603 | D:10     | Reached skill level 11 in Summonings
 12759 | D:10     | Reached **** piety under Cheibriados
 12855 | D:10     | Noticed Maggie
 12867 | D:10     | Killed Maggie
 13051 | D:10     | Noticed a gargoyle
 13066 | D:10     | Killed a gargoyle
 13688 | D:11     | Reached skill level 8 in Armour
 13688 | D:11     | Reached skill level 1 in Invocations
 13751 | D:11     | Noticed a two-headed ogre
 13757 | D:11     | Killed a two-headed ogre
 13758 | D:11     | Reached skill level 8 in Dodging
 13758 | D:11     | Reached skill level 4 in Air Magic
 13758 | D:11     | Reached XP level 11. HP: 94/94 MP: 13/22
 13825 | D:11     | Noticed a death yak
 13825 | D:11     | Noticed a death yak
 13825 | D:11     | Noticed a death yak
 13825 | D:11     | Noticed a death yak
 13828 | D:11     | Noticed a death yak
 13829 | D:11     | Noticed a death yak
 13839 | D:11     | Found a staircase to the Lair.
 13849 | D:11     | HP: 18/94 [death yak (7)]
 13850 | D:11     | Mangled by a death yak

Vanquished Creatures
  Maggie (D:10)
  A komodo dragon (D:7)
  3 yaks (D:8)
  A steam dragon (D:7)
  A vampire mosquito (D:11)
  A scorpion (D:4)
  Dowan (D:4)
  A howler monkey (D:9)
  2 orc priests
  A hound (D:6)
  3 adders
  A shadow imp (D:6)
  An ufetubus (D:5)
  3 dart slugs (D:2)
  5 orcs
  2 ball pythons
  3 bats
  4 endoplasms
  3 giant cockroaches
  4 goblins
  4 hobgoblins (D:1)
  5 jackals
  2 quokkas (D:2)
  A frilled lizard (D:2)
  7 kobolds
  3 rats
64 creatures vanquished.

Vanquished Creatures (collateral kills)
  A hydra (D:9)
  A two-headed ogre (D:11)
  A gargoyle (D:10)
  Psyche (D:9)
  2 trolls
  2 yaks (D:8)
  2 wyverns
  A vampire mosquito (D:11)
  Eustachio (D:6)
  Edmund (D:4)
  An acid dragon (D:10)
  Duvessa (D:4)
  2 black bears
  2 orc warriors
  An ogre (D:5)
  A centaur (D:10)
  2 phantoms
  Blork the orc (D:4)
  3 kobold brigands
  2 bullfrogs
  2 necrophages
  A scorpion (D:6)
  3 howler monkeys
  2 hounds
  2 jellies
  An orc priest (D:7)
  4 iguanas
  8 orc wizards
  3 adders
  7 gnolls
  A shadow imp (D:7)
  An ufetubus (D:3)
  2 worms (D:2)
  A dart slug (D:4)
  29 orcs
  6 endoplasms
  A giant cockroach (D:1)
  3 goblins
  3 hobgoblins
  A quokka (D:3)
  4 ball pythons
  2 frilled lizards
  11 kobolds
  2 rats (D:1)
129 creatures vanquished.

Vanquished Creatures (others)
  15 plants
15 creatures vanquished.

Grand Total: 208 creatures vanquished

Table legend:
 A = Non-vault XP
 B = Vault XP
 C = Vault XP percentage of total XP
 D = Non-vault monster count
 E = Vault monster count
 F = Vault count percentage of total count
                 A         B        C        D         E       F
            +---------+---------+-------+---------+---------+-------
      Total |    7256 |    2580 |  26.2 |     179 |      14 |   7.3
            +---------+---------+-------+---------+---------+-------
        D:1 |      35 |       0 |   0.0 |      22 |       0 |   0.0
        D:2 |      66 |       4 |   5.7 |      22 |       2 |   8.3
        D:3 |     237 |      15 |   6.0 |      22 |       2 |   8.3
        D:4 |     224 |     499 |  69.0 |      15 |       5 |  25.0
        D:5 |     880 |       0 |   0.0 |      18 |       0 |   0.0
        D:6 |     690 |     182 |  20.9 |      30 |       1 |   3.2
        D:7 |     929 |       0 |   0.0 |      10 |       0 |   0.0
        D:8 |    1108 |       0 |   0.0 |      11 |       0 |   0.0
        D:9 |     430 |    1495 |  77.7 |       7 |       3 |  30.0
       D:10 |     962 |     385 |  28.6 |      17 |       1 |   5.6
       D:11 |    1695 |       0 |   0.0 |       5 |       0 |   0.0
            +---------+---------+-------+---------+---------+-------

Illustrated notes

Table legend:
 A = Kills in this place as a percentage of kills in entire the game.
 B = Kills by you in this place as a percentage of kills by you in the entire game.
 C = Kills by friends in this place as a percentage of kills by friends in the entire game.
 D = Other kills in this place as a percentage of other kills in the entire game.
 E = Experience gained in this place as a percentage of experience gained in the entire game.
 F = Experience gained in this place divided by the number of levels of this place that you have seen.
                   A       B       C       D       E      F
               +-------+-------+-------+-------+-------+----------------------
         Total | 100.0 | 100.0 | 100.0 |   N/A | 100.0 | 819.7
       Dungeon | 100.0 | 100.0 | 100.0 |   N/A | 100.0 | 894.2
               +-------+-------+-------+-------+-------+----------------------

Table legend: (Time is in decaauts)
 A = Elapsed time spent in this place.
 B = Non-inter-level travel time spent in this place.
 C = Inter-level travel time spent in this place.
 D = Time resting spent in this place.
 E = Time spent auto-exploring this place.
 F = Levels seen in this place.
 G = Mean time per level.
                   A        B        C        D        E       F      G
               +--------+--------+--------+--------+--------+-----+--------+
         Total |  17756 |  17264 |    492 |   1083 |  14169 |  12 | 1479.7 |
       Dungeon |  17457 |  17031 |    426 |   1083 |  13948 |  11 | 1587.0 |
        Temple |    298 |    232 |     66 |      0 |    221 |   1 |  298.0 |
               +--------+--------+--------+--------+--------+-----+--------+

Top non-repeatable levels by time:
     D:2: 2074 daAuts
    D:10: 2020 daAuts
     D:1: 1939 daAuts
     D:6: 1878 daAuts
     D:3: 1851 daAuts
     D:8: 1668 daAuts
     D:5: 1568 daAuts
     D:9: 1525 daAuts
     D:4: 1326 daAuts
     D:7: 1306 daAuts
  Temple: 298 daAuts
    D:11: 297 daAuts
